 Dungeon Crawl Stone Soup version 0.29.1-15-g9cfb28693d (webtiles) character file.

Game seed: 17752372042058205773

3152 Peloso the Carver (level 9, -16/78 HPs)
             Began as a Minotaur Fighter on Apr 23, 2023.
             Was a Follower of Okawaru.
             Demolished by a red ugly thing (22 damage)
             ... on level 8 of the Dungeon.
             The game lasted 00:12:42 (6446 turns).

Peloso the Carver (Minotaur Fighter)                Turns: 6446, Time: 00:12:43

Health: -16/78     AC: 14    Str: 23    XL:     9   Next: 62%
Magic:  6/8        EV: 11    Int:  5    God:    Okawaru [*.....]
Gold:   499        SH: 12    Dex: 12    Spells: 8/8 levels left

rFire   . . .      SeeInvis .   a - +0 long sword
rCold   . . .      Faith    .   d - +0 buckler
rNeg    . . .      Spirit   .   u - +0 chain mail
rPois   +          Reflect  +   m - +0 hat {Will+}
rElec   .          Harm     .   (no cloak)
rCorr   .          Rampage  .   c - +0 pair of gloves
Will    +....                   (no boots)
Stlth   ..........              i - amulet of reflection
HPRegen 0.23/turn               h - ring of poison resistance
MPRegen 0.11/turn               (no ring)

@: heroic
A: horns 2, retaliatory headbutt
a: Renounce Religion, Heroism


You were on level 8 of the Dungeon.
You worshipped Okawaru.
Okawaru was aware of your devotion.
You visited 2 branches of the dungeon, and saw 9 of its levels.
You also visited: Sewer.

You collected 499 gold pieces.

Inventory:

Hand Weapons
 a - a +0 long sword (weapon)
Missiles
 v - 2 throwing nets (quivered)
Armour
 b - a +0 scale mail
 c - a +0 pair of gloves (worn)
 d - a +0 buckler (worn)
 m - a +0 hat of willpower (worn)
 u - a +0 chain mail (worn)
Jewellery
 h - a ring of poison resistance (left hand)
 i - an amulet of reflection (around neck)
 k - an amulet of faith
Wands
 r - a wand of roots (7)
Scrolls
 j - 4 scrolls of teleportation
 l - a scroll of enchant weapon
 n - a scroll of brand weapon
 s - a scroll of enchant armour
 t - 2 scrolls of fog
 w - a scroll of silence
 y - a scroll of summoning {unknown}
 A - a scroll of blinking {unknown}
 D - a scroll of torment {unknown}
Potions
 e - a potion of berserk rage
 f - 6 potions of curing
 g - 3 potions of flight
 o - a potion of brilliance {unknown}
 q - 5 potions of might
 z - a potion of experience
 B - 2 potions of mutation
 C - a potion of heal wounds


   Skills:
 + Level 6.9(11.9) Fighting
 + Level 10.3(15.3) Long Blades
 + Level 8.2(13.2) Armour
 + Level 2.8(7.8) Dodging
 + Level 0.5(5.5) Stealth
 + Level 8.5(13.5) Shields
 + Level 0.2 Evocations


You had 8 spell levels left.
You didn't know any spells.
Your spell library contained the following spells:

 Spells                   Type           Power      Damage    Failure   Level
 Apportation              Tloc           0%         N/A       97%         1
 Magic Dart               Conj           0%         1d3       97%         1
 Sublimation of Blood     Necr           0%         N/A       99%         2
 Wereblood                Tmut           0%         N/A       99%         2
 Frozen Ramparts          Ice            0%         1d1       100%        3
 Mephitic Cloud           Conj/Pois/Air  0%         N/A       100%        3
 Portal Projectile        Hex/Tloc       0%         N/A       100%        3
 Fulminant Prism          Conj/Hex       0%         3d6       100%        4
 Ice Form                 Ice/Tmut       0%         N/A       100%        4
 Iskenderun's Mystic Bla  Conj/Tloc      0%         2d3       100%        4
 Leda's Liquefaction      Hex/Erth       0%         N/A       100%        4
 Alistair's Intoxication  Tmut/Pois      0%         N/A       100%        5
 Blade Hands              Tmut           0%         N/A       100%        5
 Lee's Rapid Deconstruct  Erth           0%         3d5*      100%        5
 Statue Form              Tmut/Erth      0%         N/A       100%        6
 Call Imp                 Summ           Unusable   N/A       N/A         2
 Tukima's Dance           Hex            Unusable   N/A       N/A         3
 Summon Ice Beast         Ice/Summ       Unusable   N/A       N/A         4
 Summon Hydra             Summ           Unusable   N/A       N/A         7

Dungeon Overview and Level Annotations

Branches:
Dungeon (8/15)             Temple (1/1) D:5           Sewer (visited)
   Lair: D:8-11

Altars:
Cheibriados
Dithmenos
Elyvilon
Fedhas
Gozag
Hepliaklqana
Kikubaaqudgha
Makhleb
Nemelex Xobeh
Okawaru
Qazlal
Ru
Trog
Uskayaw
Vehumet
Wu Jian
Xom
Yredelemnul
The Shining One

Shops:
D:3 !


Innate Abilities, Weirdness & Mutations

You have a pair of horns on your head.
You reflexively headbutt those who attack you in melee.


Message History

The howler monkey closely misses you.
You slash the howler monkey!
You kill the howler monkey!
Okawaru accepts your kill.
You slash the howler monkey!
The howler monkey is moderately wounded.
You block the howler monkey's attack.
You completely miss the howler monkey.
The howler monkey is moderately wounded.
The howler monkey hits you but does no damage.
You slash the howler monkey!
You kill the howler monkey!
Okawaru accepts your kill.
Things that are here:
a howler monkey corpse; a howler monkey corpse A red ugly thing comes into view.
Things that are here:
a howler monkey corpse; a howler monkey corpse
Things that are here:
a killer bee corpse; a killer bee corpse; a killer bee corpse The red ugly thing attacks as you move away!
The red ugly thing misses you. You furiously retaliate!
You headbutt the red ugly thing.
You gain the combat prowess of a mighty hero.
You block the red ugly thing's attack.
You closely miss the red ugly thing. You headbutt the red ugly thing.
The red ugly thing is lightly wounded.
You slash the red ugly thing! You headbutt the red ugly thing.
The red ugly thing is lightly wounded.
The red ugly thing closely misses you.
You barely miss the red ugly thing.
The red ugly thing is lightly wounded.
The red ugly thing headbutts you!
You are engulfed in flames!!
* * * LOW HITPOINT WARNING * * *
You barely miss the red ugly thing. You headbutt the red ugly thing.
The red ugly thing is moderately wounded.
The red ugly thing headbutts you.
* * * LOW HITPOINT WARNING * * *
You are engulfed in flames!!
You die...

..####...#####
#.........#
#.......##.###
#.......# ...
###....###.# #...#...#
##..##.##
#####......####.###
#.@u†....#.........
#.##<###.##...####.###
#.............####.###
.>...###..[...†.......
###### ###########.###


You could see a red ugly thing.

Vanquished Creatures
  Gastronok (D:8)
  A water moccasin (D:7)
  2 black bears (D:6)
  A sky beast (D:5)
  3 ice beasts
  3 ogres
  3 scorpions
  3 wights (D:6)
  5 killer bees (D:8)
  2 howler monkeys (D:8)
  A jelly (D:5)
  2 hounds
  A gnoll bouda (D:4)
  2 orc priests (D:3)
  2 iguanas
  A hell rat (Sewer)
  A mummy (D:4)
  6 gnolls (D:4)
  8 adders
  2 river rats (Sewer)
  A shadow imp (D:5)
  3 ufetubi
  3 worms
  3 dart slugs
  7 orcs
  3 bats
  9 endoplasms
  A giant cockroach (D:4)
  6 hobgoblins
  11 jackals
  5 kobolds
  5 quokkas
  10 ball pythons
  4 frilled lizards
  6 goblins
  A hobgoblin zombie (D:4)
  A kobold zombie (D:4)
  2 orc zombies (D:4)
  14 rats
145 creatures vanquished.

Vanquished Creatures (others)
  3 plants (D:7)
3 creatures vanquished.

Grand Total: 148 creatures vanquished

Notes
Turn   | Place    | Note
-------+----------+-------------------------------------------
     0 | D:1      | Peloso the Minotaur Fighter began the quest for the Orb.
     0 | D:1      | Reached XP level 1. HP: 19/19 MP: 0/0
   231 | D:1      | Reached XP level 2. HP: 27/27 MP: 1/1
   691 | D:2      | Reached XP level 3. HP: 33/33 MP: 2/2
   751 | D:2      | Reached skill level 3 in Long Blades
  1100 | D:2      | Found a faded altar of an unknown god.
  1367 | D:3      | Reached XP level 4. HP: 40/40 MP: 3/3
  1492 | D:3      | Found Wimnuvac's Distillery.
  1867 | D:3      | Reached skill level 4 in Long Blades
  2253 | D:4      | Reached XP level 5. HP: 37/46 MP: 4/4
  2556 | D:3      | Reached skill level 1 in Dodging
  2787 | D:4      | Reached skill level 5 in Long Blades
  2787 | D:4      | Reached skill level 5 in Armour
  2787 | D:4      | Reached XP level 6. HP: 53/53 MP: 5/5
  2921 | D:4      | Reached skill level 5 in Shields
  3333 | D:4      | Reached skill level 6 in Long Blades
  3378 | D:4      | Found an ornate altar of the Wu Jian Council.
  3738 | D:5      | Entered Level 5 of the Dungeon
  3775 | D:5      | Reached XP level 7. HP: 49/60 MP: 6/6
  4059 | D:5      | Reached skill level 5 in Fighting
  4298 | D:5      | Reached skill level 7 in Long Blades
  4521 | D:5      | Found a staircase to the Ecumenical Temple.
  4535 | Temple   | Entered the Ecumenical Temple
  4543 | Temple   | Became a worshipper of Warmaster Okawaru
  4801 | D:6      | Reached XP level 8. HP: 68/68 MP: 7/7
  4879 | D:6      | Reached skill level 8 in Long Blades
  4899 | D:6      | Reached * piety under Okawaru
  4902 | D:6      | Found a glowing golden altar of the Shining One.
  4939 | D:6      | Found a glowing drain.
  4944 | Sewer    | Entered a sewer
  5945 | D:7      | Reached skill level 9 in Long Blades
  6279 | D:8      | Noticed Gastronok
  6299 | D:8      | Killed Gastronok
  6300 | D:8      | Reached skill level 10 in Long Blades
  6300 | D:8      | Reached XP level 9. HP: 70/78 MP: 8/8
  6436 | D:8      | Noticed a red ugly thing
  6446 | D:8      | Demolished by a red ugly thing

Illustrated notes

Levels and vault maps discovered:
D:1:      minmay_arrival_glassed_features, layout_basic
D:2:      layout_rooms, chequers_ecumenical_altar_simple_redux,
          solitary_fountain
D:3:      layout_loops_ring, serial_shops, nicolae_shop_advertising_works
          [nicolae_subvault_shop_adworks], minmay_joined_circles
D:4:      layout_cave_pods, mainiacjoe_overflow_small_starburst, st_stairs_6,
          minmay_mini_ossuary
D:5:      layout_basic, minmay_temple_entry_large_hall
D:6:      layout_loops_ring, tso_metal_star, cheibrodos_sewer_entry_sluice,
          minmay_door_square
D:7:      layout_cave_pools, serial_bayou, serial_bayou_lake_a,
          serial_bayou_pond_c, serial_bayou_shore_b, serial_bayou_pond_d,
          minivault_26, roderic_three_in_a_row, grunt_decor_resistance,
          grunt_potential
D:8:      layout_loops_ring, uniq_gastronok
Temple:   sentei_temple_godly_chess

Skill      XL: |  1  2  3  4  5  6  7  8 |
---------------+-------------------------+-----
Shields        | 4 5 6 8 |  8.5
Armour         | 4 5 6 8 |  8.2
Long Blades    | 3 4 5 6 7 10 | 10.3
Fighting       | 4 5 6 |  6.9
Dodging        | 1 2 |  2.8
Stealth        | |  0.5
Evocations     | |  0.2

Action                   |  1- 3 |  4- 6 |  7- 9 || total
-------------------------+-------+-------+-------++-------
Melee: Long sword        |    95 |   180 |   203 ||   478
       Headbutt          |    15 |    35 |    44 ||    94
Invok: Heroism           |       |       |     2 ||     2
Evoke: Wand              |       |       |     2 ||     2
  Use: Scroll            |     1 |       |    15 ||    16
       Potion            |       |       |     1 ||     1
Armor: Scale mail        |    53 |    39 |       ||    92
       Chain mail        |       |    39 |    68 ||   107
Dodge: Dodged            |    30 |    65 |    64 ||   159
Block: Buckler           |    39 |   102 |   117 ||   258
       Reflection        |       |     3 |       ||     3
